 Dungeon Crawl Stone Soup version 0.28.0-53-g5a82cb258f (webtiles) character file.

Game seed: 7346037179516817347

1838 Sin92 the Skirmisher (level 8, -4/64 HPs)
             Began as a Demonspawn Fighter on June 7, 2022.
             Was an Initiate of Okawaru.
             Slain by an orc warrior
             ... wielding a +0 trident
              (15 damage)
             ... on level 7 of the Dungeon.
             The game lasted 00:08:53 (8527 turns).

Sin92 the Skirmisher (Demonspawn Fighter)           Turns: 8527, Time: 00:08:53

Health: -4/64      AC: 12    Str: 16    XL:     8   Next: 87%
Magic:  9/9        EV: 17    Int: 11    God:    Okawaru [......]
Gold:   289        SH: 11    Dex: 16    Spells: 7/7 levels left

rFire   . . .      SeeInvis .   n - +2 morningstar (vamp)
rCold   . . .      Faith    .   p - +1 kite shield
rNeg    . . .      Spirit   .   e - +1 acid dragon scales
rPois   .          Reflect  .   (helmet restricted)
rElec   .          Harm     .   (no cloak)
rCorr   +          Rampage  .   (no gloves)
Will    .....                   (no boots)
Stlth   +.........              (no amulet)
HPRegen 0.20/turn               m - +4 ring of protection
MPRegen 0.11/turn               (no ring)

@: agile
A: horns 1, powered by pain 2, sturdy frame 1, demonic magic 1, agile 1, sense
surroundings 1, wild magic 1
a: Renounce Religion


You were on level 7 of the Dungeon.
You worshipped Okawaru.
Okawaru was noncommittal.
You visited 2 branches of the dungeon, and saw 8 of its levels.

You collected 289 gold pieces.

Inventory:

Hand Weapons
 a - a +0 flail
 n - a +2 vampiric morningstar (weapon)
Missiles
 b - 4 silver javelins (quivered)
Armour
 e - +1 acid dragon scales (worn)
 p - a +1 kite shield (worn)
Jewellery
 m - a +4 ring of protection (left hand)
Wands
 c - a wand of paralysis (10)
 q - a wand of flame (15)
Scrolls
 f - a scroll of identify
 i - a scroll of immolation
 l - a scroll of teleportation
Potions
 d - 2 potions of might
 g - a potion of lignification
 j - 2 potions of curing
 o - a potion of berserk rage
 r - a potion of attraction
 s - a potion of brilliance


   Skills:
 + Level 5.9 Fighting
 + Level 5.0 Maces & Flails
 + Level 5.3 Armour
 + Level 4.4 Dodging
 + Level 5.2 Shields
 + Level 1.5 Invocations


You had 7 spell levels left.
You didn't know any spells.
Your spell library contained the following spells:

 Spells                   Type           Power      Damage    Failure   Level
 Ensorcelled Hibernation  Hex/Ice        0%         N/A       90%         2
 Passwall                 Tmut/Erth      0%         N/A       90%         2
 Static Discharge         Conj/Air       0%         N/A       90%         2
 Swiftness                Air            0%         N/A       98%         3
 Dispel Undead            Necr           0%         3d6       100%        4
 Sticky Flame             Conj/Fire      0%         2d3       100%        4
 Freezing Cloud           Conj/Ice/Air   0%         6-21      100%        5
 Polar Vortex             Ice            0%         N/A       100%        9
 Simulacrum               Ice/Necr       Unusable   N/A       N/A         6

Dungeon Overview and Level Annotations

Branches:
Dungeon (7/15)             Temple (1/1) D:7

Altars:
Ashenzari
Cheibriados
Dithmenos
Elyvilon
Fedhas
Gozag
Kikubaaqudgha
Makhleb
Nemelex Xobeh
Okawaru
Qazlal
Ru
Sif Muna
Trog
Uskayaw
Vehumet
Wu Jian
Xom
Yredelemnul
Zin
The Shining One

Shops:
D:3 (


Innate Abilities, Weirdness & Mutations

You have a pair of small horns on your head.
You sometimes gain power by taking damage.
Your movements are slightly less encumbered by armour. (ER -2)
Spells you cast may paralyse adjacent enemies.
You are agile. (Dex +2)
You passively map a small area around you.
Your spells are a little harder to cast, but a little more powerful.


Message History

Something hits you but does no damage. You block something's attack.
Found a scroll of immolation and a book of Frost.
You block the orc warrior's attack.
A magic dart appears from out of thin air!
The magic dart hits you. Something hits you but does no damage.
Items here: )) ? [ †.
You hit the orc warrior.
The orc warrior is lightly wounded.
You block the orc warrior's attack. Something hits you but does no damage.
The orc warrior barely misses you.
You closely miss the orc warrior.
The orc warrior is lightly wounded.
Something hits you but does no damage. x2; The orc warrior closely misses you.
You closely miss the orc warrior.
You headbutt the orc warrior, but do no damage.
The orc warrior is lightly wounded.
Something hits you but does no damage.
You hear some strange, mumbled words.
A puff of flame appears from out of thin air!
The puff of flame misses you.
The orc warrior hits you with a +0 trident!
Something hits you but does no damage. x2
The orc warrior hits you with a +0 trident!
* * * LOW HITPOINT WARNING * * *
You barely miss the orc warrior.
The orc warrior is lightly wounded.
Something hits you but does no damage. x2; You block the orc warrior's attack.
You hit the orc warrior.
You feel better.
You headbutt the orc warrior.
The orc warrior is moderately wounded.
Something hits you.
* * * LOW HITPOINT WARNING * * *
Something hits you but does no damage. The orc warrior completely misses you.
Something hits you.
* * * LOW HITPOINT WARNING * * *
Something hits you.
* * * LOW HITPOINT WARNING * * *
The orc warrior hits you but does no damage.
You block something's attack.
The orc warrior hits you with a +0 trident!
You die...

, , , , * .#.......## #.
..........###.. * *
#............: *
#............## ###
#....<.....#...,. ###..
.............?..........
#...........##... ......
.....>.@.......# *#.##..
......o...#...#####.##..
*
.......){).##..........#
.......)...##...........
#......)...##..........#
##..........#..........)
##....................#
*###.###.#............#
*, ...* #.#....#..####.#


You could see an orc warrior.

Vanquished Creatures
  Maggie (D:6)
  Grinder (D:6)
  A water moccasin (D:5)
  2 orc warriors (D:7)
  2 ogres
  A phantom (D:5)
  A bullfrog (D:7)
  2 scorpions
  2 bullfrog skeletons (D:6)
  2 hounds (D:5)
  5 orc priests
  A centaur skeleton (D:5)
  2 iguanas (D:5)
  4 orc wizards
  A killer bee zombie (D:7)
  A howler monkey zombie (D:6)
  A howler monkey skeleton (D:6)
  3 adders
  A white imp (D:6)
  An ufetubus (D:7)
  An adder skeleton (D:4)
  A worm (D:3)
  3 dart slugs
  21 orcs
  9 ball pythons
  11 endoplasms
  3 giant cockroaches
  4 goblins
  3 hobgoblins
  2 jackals (D:3)
  2 quokkas
  A bat (D:2)
  3 frilled lizards (D:2)
  2 kobolds
  6 rats
107 creatures vanquished.

Notes
Turn   | Place    | Note
-------+----------+-------------------------------------------
     0 | D:1      | Sin92 the Demonspawn Fighter began the quest for the Orb.
     0 | D:1      | Reached XP level 1. HP: 18/18 MP: 1/1
   152 | D:1      | Gained mutation: You sometimes gain a little power by
                  | taking damage. [demonic ancestry]
   152 | D:1      | Reached XP level 2. HP: 11/24 MP: 2/2
  1303 | D:2      | Reached skill level 1 in Dodging
  1303 | D:2      | Reached XP level 3. HP: 29/29 MP: 3/3
  1589 | D:2      | Found a faded altar of an unknown god.
  2303 | D:3      | Gained mutation: Your movements are slightly less
                  | encumbered by armour. (ER -2) [demonic ancestry]
  2303 | D:3      | Reached XP level 4. HP: 11/35 MP: 4/4
  2518 | D:3      | Found Koggios's Weapon Shoppe.
  2703 | D:3      | Identified the +7 dagger of the Heavens {venom, Str+4
                  | Int-4}
  4561 | D:4      | Gained mutation: You have a pair of small horns on your
                  | head. [demonic ancestry]
  4561 | D:4      | Reached XP level 5. HP: 34/42 MP: 5/5
  4990 | D:5      | Entered Level 5 of the Dungeon
  5052 | D:5      | Noticed a water moccasin
  5062 | D:5      | Killed a water moccasin
  5063 | D:5      | Gained mutation: You sometimes gain power by taking damage.
                  | [demonic ancestry]
  5063 | D:5      | Reached XP level 6. HP: 41/48 MP: 6/6
  5312 | D:5      | Gained mutation: Spells you cast may paralyse adjacent
                  | enemies. [demonic ancestry]
  5312 | D:5      | Reached XP level 7. HP: 19/55 MP: 7/7
  6405 | D:6      | Noticed Grinder
  6410 | D:6      | Paralysed by Grinder for 4 turns
  6419 | D:6      | Paralysed by Grinder for 2 turns
  6430 | D:6      | Killed Grinder
  6431 | D:6      | Reached skill level 5 in Fighting
  6431 | D:6      | Reached XP level 8. HP: 28/62 MP: 8/8
  6901 | D:6      | Noticed Maggie
  7160 | D:6      | Killed Maggie
  7315 | D:7      | Found a staircase to the Ecumenical Temple.
  7328 | D:7      | Reached skill level 5 in Armour
  7328 | D:7      | Reached skill level 5 in Shields
  7358 | Temple   | Entered the Ecumenical Temple
  7899 | Temple   | Became a worshipper of Warmaster Okawaru
  7964 | D:7      | Gained mutation: You passively map a small area around you.
                  | [potion of mutation]
  7964 | D:7      | Gained mutation: Your spells are a little harder to cast,
                  | but a little more powerful. [potion of mutation]
  7964 | D:7      | Gained mutation: You are agile. (Dex +2) [potion of
                  | mutation]
  8274 | D:7      | Reached skill level 1 in Invocations
  8516 | D:7      | Reached skill level 5 in Maces & Flails
  8527 | D:7      | Slain by an orc warrior

Illustrated notes

Levels and vault maps discovered:
D:1:      lemuel_arrival_hallway, layout_loops_ring, minmay_tetromino_i4
D:2:      layout_basic, basic_altar, shapermc_ecumenical_altar_ellora
D:3:      layout_basic, serial_shops, shop
D:4:      layout_layer_cave
D:5:      layout_basic
D:6:      layout_basic, uniq_maggie, uniq_grinder
D:7:      minmay_octagon_keep, layout_rooms, minmay_temple_entry_overgrown,
          uniq_menkaure
Temple:   compressed_dpeg_triangle_lava_temple

Skill      XL: |  1  2  3  4  5  6  7  8 |
---------------+-------------------------+-----
Maces & Flails | 2 3 4 5 |  5.0
Dodging        | 1 2 3 4 |  4.4
Armour         | 3 4 5 |  5.3
Shields        | 3 4 5 |  5.2
Fighting       | 4 5 |  5.9
Invocations    | 1 |  1.5

Action                   |  1- 3 |  4- 6 |  7- 9 || total
-------------------------+-------+-------+-------++-------
Melee: Flail             |   125 |    44 |       ||   169
       Morningstar       |       |    65 |   199 ||   264
       Headbutt          |       |    10 |    32 ||    42
  Use: Scroll            |     1 |     4 |     9 ||    14
       Potion            |       |       |     2 ||     2
 Stab: Sleeping          |     1 |     2 |       ||     3
Armor: Scale mail        |    15 |       |       ||    15
       Acid dragon scale |    34 |    42 |   125 ||   201
Dodge: Dodged            |    71 |    68 |   127 ||   266
Block: Buckler           |    36 |    23 |       ||    59
       Kite shield       |       |     6 |   121 ||   127
